 Dungeon Crawl Stone Soup version 0.29-a0-234-g0dae59b3db (webtiles) character file.

Game seed: 287895668159339175

1651 senseless the Ducker (level 9, -6/69 HPs)
             Began as a Gnoll Wanderer on Mar 3, 2022.
             Was an Initiate of Jiyva.
             Shot with an arrow by a deep elf archer (16 damage)
             ... created by the fury of Okawaru
             ... on level 6 of the Dungeon.
             The game lasted 00:18:13 (5066 turns).

senseless the Ducker (Gnoll Wanderer)               Turns: 5066, Time: 00:18:14

Health: -6/69      AC: 11    Str: 22    XL:     9   Next: 0%
Magic:  14/14      EV: 15    Int: 10    God:    Jiyva [......]
Gold:   345        SH:  0    Dex: 13    Spells: 15/15 levels left

rFire   . . .      SeeInvis .   b - +2 hand crossbow
rCold   . . .      Faith    +   (no shield)
rNeg    . . .      Spirit   .   n - +0 steam dragon scales
rPois   .          Reflect  .   e - +0 helmet
rElec   .          Harm     .   (no cloak)
rCorr   .          Rampage  .   x - +2 pair of gloves {hurl}
Will    .....                   c - +0 pair of boots
Stlth   +.........              k - amulet of faith
HPRegen 0.21/turn               g - +4 ring of slaying
MPRegen 0.14/turn               d - +6 ring of strength

@: confused, slowed, very slow
A: fangs 1, strong nose, distributed training
a: Renounce Religion


You were on level 6 of the Dungeon.
You worshipped Jiyva.
Jiyva was noncommittal.
You visited 1 branch of the dungeon, and saw 6 of its levels.
You also visited: Sewer.

You collected 345 gold pieces.

Inventory:

Hand Weapons
 a - a +0 trident
 b - a +2 hand crossbow (weapon)
 f - a +2 short sword of venom
Missiles
 m - 2 throwing nets
Armour
 c - a +0 pair of boots (worn)
 e - a +0 helmet (worn)
 n - +0 steam dragon scales (worn)
 x - a +2 pair of gloves of hurling (worn)
Jewellery
 d - a +6 ring of strength (right hand)
 g - a +4 ring of slaying (left hand)
 j - a +4 ring of evasion
 k - an amulet of faith (around neck)
 o - an amulet of the acrobat
 p - a ring of protection from fire
 w - a ring of magical power
Wands
 h - a wand of iceblast (10)
Scrolls
 q - 4 scrolls of teleportation
 v - 2 scrolls of silence
 y - a scroll of magic mapping {unknown}
Potions
 i - a potion of lignification
 l - 4 potions of curing
 r - a potion of haste
 s - a potion of attraction
 t - 2 potions of might
 u - a potion of resistance {unknown}
 z - a potion of brilliance {unknown}
 A - a potion of heal wounds {unknown}
 B - a potion of invisibility {unknown}


   Skills:
 + Level 6.0 Fighting
 + Level 3.7 Short Blades
 + Level 3.7 Long Blades
 + Level 3.7 Axes
 + Level 3.7 Maces & Flails
 + Level 6.0 Polearms
 + Level 3.7 Staves
 + Level 3.7 Slings
 + Level 3.7 Bows
 + Level 4.6 Crossbows
 + Level 3.7 Throwing
 + Level 4.6 Armour
 + Level 7.6 Dodging
 + Level 3.7 Stealth
 + Level 3.7 Shields
 + Level 3.7 Unarmed Combat
 + Level 3.7 Spellcasting
 + Level 3.1 Conjurations
 + Level 3.1 Hexes
 + Level 3.1 Summonings
 + Level 3.1 Necromancy
 + Level 3.1 Translocations
 + Level 3.1 Transmutations
 + Level 3.1 Fire Magic
 + Level 3.1 Ice Magic
 + Level 3.1 Air Magic
 + Level 3.1 Earth Magic
 + Level 3.1 Poison Magic
 + Level 4.9 Invocations
 + Level 3.7 Evocations


You had 15 spell levels left.
You didn't know any spells.
Your spell library contained the following spells:

 Spells                   Type           Power      Damage    Failure   Level
 Apportation              Tloc           16%        N/A       8%          1
 Shock                    Conj/Air       32%        1d5       8%          1
 Ignite Poison            Fire/Tmut/Pois 8%         N/A       22%         3
 Mephitic Cloud           Conj/Pois/Air  8%         N/A       22%         3
 Swiftness                Air            8%         N/A       22%         3
 Airstrike                Air            4%         N/A       58%         4
 Alistair's Intoxication  Tmut/Pois      5%         N/A       90%         5
 Freezing Cloud           Conj/Ice/Air   4%         6-21      90%         5


Dungeon Overview and Level Annotations

Branches:
Dungeon (6/15)             Temple (0/1) D:6           Sewer (visited)

Altars:
Ashenzari
Elyvilon
Hepliaklqana
Kikubaaqudgha
Makhleb
Okawaru
Qazlal
Sif Muna
Vehumet
Xom
Zin
The Shining One

Shops:
D:1 [

Annotations:
D:3 2 transporters, DEFE's ghost, amateur OpFi
D:4 1 runed translucent door, JackAllcraft's ghost, amateur DjGl


Innate Abilities, Weirdness & Mutations

You have very sharp teeth.
Your uncanny sense of smell can sniff out nearby items.
Your experience applies equally to all skills.


Message History

You are no longer poisoned.
You hear a distant slurping noise.
You hear a distant slurping noise.
You hear a distant slurping noise.
You hear a distant slurping noise.
You hear a distant slurping noise.
Okawaru sends forces against you! 2 deep elf archers, a deep elf knight, a deep elf death mage and 2 deep elf pyromancers come into view.
A deep elf archer is wielding a +1 short sword of speed.
As you read the scroll of teleportation, it crumbles to dust.
You feel strangely unstable.
The deep elf pyromancer shouts!
The deep elf death mage shouts!
You enter the shallow water.
Moving in this stuff is going to be slow.
The deep elf archer points at you and mumbles some strange words.
You feel yourself slow down.
The deep elf archer unwields a +1 short sword of speed.
The deep elf archer wields a +0 shortbow.
The deep elf archer shoots an arrow.
The arrow hits you!!
The deep elf knight gestures wildly while chanting.
The deep elf knight flickers and vanishes!
Deactivating autopickup; reactivate with Ctrl-A.
Things that are here:
a +0 whip; an orc corpse Your surroundings seem slightly different.
The deep elf archer unwields a +0 dagger.
The deep elf archer wields a +0 shortbow.
The deep elf archer shoots an arrow.
The arrow hits you.
The deep elf archer shoots an arrow.
The arrow hits you!
* * * LOW HITPOINT WARNING * * *
The deep elf archer casts a spell at you.
You feel as though you will be slow longer.
The deep elf archer shoots an arrow.
The arrow misses you.
The deep elf archer casts a spell at you.
You are confused.
You hear some strange, mumbled words.
Things that are here:
a stone; a +0 whip; a kobold skeleton The deep elf archer shoots an arrow.
The arrow hits you!
You die...

..#........##...≈≈≈≈≈e...#
#...#.#.##....#≈≈e≈≈≈≈#..#
#.>.#.#........≈≈≈eee≈..(#
........#......≈≈≈.≈≈≈...#
.#.#....#.....≈≈≈)≈≈≈≈....
.#.#.##.......#≈≈≈≈≈{≈#..#
......†..#......≈≈≈e≈.....
#.##.#.#.#......#≈..#.....
#....#.#........@.....#.##
...........######(.##.#.#
#................[......#
######...........)....#.#
# #..........#####.### #
#..........# ... #
#..........# ### #
#......#.### # #####.##.#


You could see a deep elf death mage, 2 deep elf archers and 2 deep elf
pyromancers.

Vanquished Creatures
  A steam dragon (D:5)
  2 water moccasins (D:6)
  An orc warrior (D:6)
  2 black bears (D:5)
  2 ogres
  A phantom (D:4)
  2 necrophages
  3 scorpions
  A hound (D:5)
  2 jellies
  Ijyb (D:5)
  5 iguanas
  Robin (D:4)
  10 adders
  A river rat (Sewer)
  A shadow imp (D:5)
  3 worms
  2 dart slugs
  6 orcs
  7 ball pythons
  5 bats
  14 endoplasms
  11 giant cockroaches
  20 goblins
  16 hobgoblins
  8 jackals
  5 quokkas
  3 frilled lizards
  11 kobolds
  6 rats
153 creatures vanquished.

Vanquished Creatures (others)
  A hound (D:6)
  2 jackals (D:5)
  A plant (D:3)
4 creatures vanquished.

Grand Total: 157 creatures vanquished

Notes
Turn   | Place    | Note
-------+----------+-------------------------------------------
     0 | D:1      | senseless the Gnoll Wanderer began the quest for the Orb.
     0 | D:1      | senseless set off with the following items: a +0 trident, a
                  | +0 hand crossbow, a +0 pair of boots, a +0 leather armour
     0 | D:1      | Reached XP level 1. HP: 20/20 MP: 2/2
    63 | D:1      | Found Ebisoerph's Antique Armour Shoppe.
   283 | D:1      | Reached XP level 2. HP: 24/26 MP: 3/3
   721 | D:1      | Reached XP level 3. HP: 31/31 MP: 4/4
  1873 | D:3      | Found a transporter.
  1873 | D:3      | Noticed DEFE's ghost (amateur OpFi)
  1883 | D:3      | Found a transporter.
  1889 | D:3      | Reached skill level 1 in Short Blades
  1889 | D:3      | Reached skill level 1 in Long Blades
  1889 | D:3      | Reached skill level 1 in Axes
  1889 | D:3      | Reached skill level 1 in Maces & Flails
  1889 | D:3      | Reached skill level 1 in Staves
  1889 | D:3      | Reached skill level 1 in Slings
  1889 | D:3      | Reached skill level 1 in Bows
  1889 | D:3      | Reached skill level 1 in Throwing
  1889 | D:3      | Reached skill level 1 in Stealth
  1889 | D:3      | Reached skill level 1 in Shields
  1889 | D:3      | Reached skill level 1 in Unarmed Combat
  1889 | D:3      | Reached skill level 1 in Spellcasting
  1889 | D:3      | Reached skill level 1 in Evocations
  1908 | D:3      | Reached XP level 4. HP: 38/38 MP: 6/6
  1953 | D:3      | Found a burning altar of Makhleb.
  1954 | D:3      | Found a glowing silver altar of Zin.
  1956 | D:3      | Found a shimmering altar of Xom.
  1961 | D:3      | Found an ancient bone altar of Kikubaaqudgha.
  1972 | D:3      | Found a hazy altar of Hepliaklqana.
  1974 | D:3      | Found a shimmering blue altar of Sif Muna.
  1976 | D:3      | Found an iron altar of Okawaru.
  1977 | D:3      | Found a broken altar of Ashenzari.
  1980 | D:3      | Found a white marble altar of Elyvilon.
  1989 | D:3      | Became a worshipper of Warmaster Okawaru
  2133 | D:3      | Found a glowing golden altar of the Shining One.
  2134 | D:3      | Found a radiant altar of Vehumet.
  2239 | D:3      | Found a faded altar of an unknown god.
  2279 | D:3      | Reached skill level 1 in Conjurations
  2279 | D:3      | Reached skill level 1 in Hexes
  2279 | D:3      | Reached skill level 1 in Summonings
  2279 | D:3      | Reached skill level 1 in Necromancy
  2279 | D:3      | Reached skill level 1 in Translocations
  2279 | D:3      | Reached skill level 1 in Transmutations
  2279 | D:3      | Reached skill level 1 in Fire Magic
  2279 | D:3      | Reached skill level 1 in Ice Magic
  2279 | D:3      | Reached skill level 1 in Air Magic
  2279 | D:3      | Reached skill level 1 in Earth Magic
  2279 | D:3      | Reached skill level 1 in Poison Magic
  2516 | D:3      | Reached XP level 5. HP: 43/43 MP: 7/7
  2617 | D:4      | Noticed a phantom
  2639 | D:4      | Killed a phantom
  2639 | D:4      | Reached * piety under Okawaru
  2640 | D:4      | Reached XP level 6. HP: 30/50 MP: 8/8
  2792 | D:4      | Found a stormy altar of Qazlal.
  2938 | D:4      | Noticed Robin
  2947 | D:4      | Killed Robin
  2955 | D:4      | Reached skill level 5 in Fighting
  2955 | D:4      | Reached skill level 5 in Polearms
  3192 | D:4      | Noticed JackAllcraft's ghost (amateur DjGl)
  3193 | D:4      | Found a runed translucent door.
  3549 | D:5      | Entered Level 5 of the Dungeon
  3567 | D:5      | Reached XP level 7. HP: 56/56 MP: 10/10
  3617 | D:5      | Noticed Ijyb
  3626 | D:5      | Killed Ijyb
  3626 | D:5      | Reached ** piety under Okawaru
  3627 | D:5      | Reached skill level 7 in Dodging
  3993 | D:5      | Noticed a steam dragon
  4001 | D:5      | Killed a steam dragon
  4001 | D:5      | Reached *** piety under Okawaru
  4002 | D:5      | Reached XP level 8. HP: 35/63 MP: 12/12
  4617 | D:6      | Found a staircase to the Ecumenical Temple.
  4664 | D:6      | Found a glowing drain.
  4717 | Sewer    | Entered a sewer
  4902 | Sewer    | Found a viscous altar of Jiyva.
  4914 | Sewer    | Fell from the grace of Okawaru
  4914 | Sewer    | Became a worshipper of Jiyva Jotzaih the Shapeless
  4992 | D:6      | Reached XP level 9. HP: 46/69 MP: 14/14
  5062 | D:6      | Noticed a deep elf archer
  5062 | D:6      | Noticed a deep elf archer
  5062 | D:6      | Noticed a deep elf knight
  5062 | D:6      | Noticed a deep elf pyromancer
  5062 | D:6      | Noticed a deep elf death mage
  5062 | D:6      | Noticed a deep elf pyromancer
  5066 | D:6      | Shot with an arrow by a deep elf archer

Illustrated notes

Levels and vault maps discovered:
D:1:      roderic_dead_forest, layout_basic, serial_shops, shop,
          amcnicky_mini_corridor_feature, kennysheep_pointless_box
D:2:      layout_loops_ring
D:3:      minmay_spotlight, layout_loops_cross, minitemple,
          chequers_temple_overflow_statue_of_worship,
          gammafunk_ghost_stat_death, shapermc_ecumenical_altar_hornbeckon
D:4:      layout_loops_ring, mainiacjoe_overflow_brackets,
          hellmonk_ghost_happy_afterlife, uniq_robin
D:5:      layout_cave_pools, minmay_circle_x, uniq_ijyb
D:6:      layout_basic, minmay_temple_entry_ruins, cheibrodos_sewer_entry_drain

Skill      XL: |  1  2  3  4  5  6  7  8 |
---------------+-------------------------+-----
Short Blades   | 1 2 3 |  3.7
Long Blades    | 1 2 3 |  3.7
Axes           | 1 2 3 |  3.7
Maces & Flails | 1 2 3 |  3.7
Staves         | 1 2 3 |  3.7
Slings         | 1 2 3 |  3.7
Bows           | 1 2 3 |  3.7
Throwing       | 1 2 3 |  3.7
Stealth        | 1 2 3 |  3.7
Shields        | 1 2 3 |  3.7
Unarmed Combat | 1 2 3 |  3.7
Spellcasting   | 1 2 3 |  3.7
Evocations     | 1 2 3 |  3.7
Conjurations   | 1 2 3 |  3.1
Hexes          | 1 2 3 |  3.1
Summonings     | 1 2 3 |  3.1
Necromancy     | 1 2 3 |  3.1
Translocations | 1 2 3 |  3.1
Transmutations | 1 2 3 |  3.1
Fire Magic     | 1 2 3 |  3.1
Ice Magic      | 1 2 3 |  3.1
Air Magic      | 1 2 3 |  3.1
Earth Magic    | 1 2 3 |  3.1
Poison Magic   | 1 2 3 |  3.1
Invocations    | 3 4 |  4.9
Crossbows      | 3 4 |  4.6
Armour         | 3 4 |  4.6
Fighting       | 5 6 |  6.0
Polearms       | 5 6 |  6.0
Dodging        | 7 |  7.6

Action                   |  1- 3 |  4- 6 |  7- 9 || total
-------------------------+-------+-------+-------++-------
Melee: Trident           |    45 |    54 |    64 ||   163
       Bite              |     2 |     5 |     6 ||    13
       Punch             |       |     1 |       ||     1
 Fire: Hand crossbow     |    64 |    96 |   136 ||   296
  Use: Scroll            |     4 |     6 |     2 ||    12
 Stab: Sleeping          |     3 |       |       ||     3
Armor: Leather armour    |     7 |       |       ||     7
       Ring mail         |     4 |    19 |    22 ||    45
       Steam dragon scal |       |       |    10 ||    10
Dodge: Dodged            |    35 |    55 |   106 ||   196

Table legend: (Time is in decaauts)
 A = Elapsed time spent in this place.
 B = Non-inter-level travel time spent in this place.
 C = Inter-level travel time spent in this place.
 D = Time resting spent in this place.
 E = Time spent auto-exploring this place.
 F = Levels seen in this place.
 G = Mean time per level.
                   A        B        C        D        E       F      G
               +--------+--------+--------+--------+--------+-----+--------+
         Total |   5199 |   4990 |    209 |     50 |   3922 |   7 |  742.7 |
       Dungeon |   4908 |   4699 |    209 |     50 |   3744 |   6 |  818.0 |
         Sewer |    291 |    291 |      0 |      0 |    178 |   1 |  291.0 |
               +--------+--------+--------+--------+--------+-----+--------+

Top non-repeatable levels by time:
     D:1: 989 daAuts
     D:4: 955 daAuts
     D:5: 889 daAuts
     D:2: 842 daAuts
     D:3: 826 daAuts
     D:6: 403 daAuts
   Sewer: 291 daAuts
